 Dungeon Crawl Stone Soup version 0.17.2 (webtiles) character file.

168 Nekros the Magician (level 5, -1/28 HPs)
             Began as a Deep Elf Wizard on June 2, 2016.
             Hit by a tomahawk thrown by an orc (4 damage)
             ... on level 3 of the Dungeon.
             The game lasted 00:11:41 (2761 turns).

Nekros the Magician (Deep Elf Wizard)               Turns: 2761, Time: 00:11:41

Health: -1/28      AC:  2    Str:  4    XL:     5   Next: 24%
Magic:  9/15       EV: 12    Int: 24    God:
Gold:   144        SH:  0    Dex: 13    Spells: 5 memorised, 5 levels left

rFire  . . .     SeeInvis .     g - +0 dagger
rCold  . . .     Clarity  .     a - +0 robe
rNeg   . . .     SustAt   .     (no shield)
rPois  .         Gourm    .     b - +0 hat
rElec  .         Spirit   .     (no cloak)
rCorr  .         Warding  .     (no gloves)
rMut   .         Stasis   .     (no boots)
MR     .....                    (no amulet)
Stlth  ++........               (no ring)
                                (no ring)

@: not resistant to hostile enchantments, unstealthy
A: no striking features
a: no special abilities


You were on level 3 of the Dungeon.
You were not hungry.

You visited 1 branch of the dungeon, and saw 3 of its levels.

You collected 144 gold pieces.

Inventory:

Hand Weapons
 f - a +0 spear
 g - a +0 dagger (weapon)
 k - a cursed -3 short sword
 r - a +0 blowgun
Missiles
 h - 19 arrows
 s - 11 poisoned needles
Armour
 a - a +0 robe (worn)
 b - a +0 hat (worn)
Scrolls
 d - 2 scrolls of identify {unknown}
 e - a scroll of enchant armour {unknown}
 i - a scroll of immolation {unknown}
 m - 2 scrolls of enchant weapon {unknown}
Potions
 j - a potion of resistance {unknown}
 o - a potion of brilliance {unknown}
 p - a potion of flight {unknown}
Books
 c - a book of Minor Magic

   Spells                             Type                      Level
   a - Magic Dart                     Conjuration                  1
   b - Blink                          Translocation                2
   c - Call Imp                       Summoning                    2
   d - Repel Missiles                 Charms/Air                   2
   e - Slow                           Hexes                        2
   f - Conjure Flame                  Conjuration/Fire             3
   g - Mephitic Cloud                 Conjuration/Poison/Air       3
Comestibles
 l - a meat ration
 n - a bread ration
 q - 5 fruits


   Skills:
 - Level 2.4 Dodging
 - Level 2.4 Stealth
 - Level 6.0 Spellcasting
 + Level 4.5 Conjurations
 - Level 1.1 Summonings
 - Level 1.1 Translocations


You had 5 spell levels left.
You knew the following spells:

 Your Spells              Type           Power        Failure   Level  Hunger
a - Magic Dart            Conj           ####         1%          1    None
b - Blink                 Tloc           N/A          10%         2    None
c - Call Imp              Summ           ##......     10%         2    None
d - Conjure Flame         Conj/Fire      ###.....     12%         3    #......
e - Mephitic Cloud        Conj/Pois/Air  ##......     14%         3    #......


Dungeon Overview and Level Annotations

Branches:
Dungeon (3/15)

Altars:
Ashenzari
Xom

Annotations:
D:3 Nekros's ghost, amateur DEWz


Message History

Press: ? - help, Dir - move target cursor The fire roars!
The orc wizard mumbles some strange words.
The orc wizard seems to speed up.
The orc wizard points at you and mumbles some strange words.
The magic dart hits you!
* * * LOW HITPOINT WARNING * * *
Drink which item? (? for menu, Esc to quit)
Okay, then.
The orc wizard closely misses you.
There is a stone staircase leading down here.
The orc wizard hits you with a dagger.
* * * LOW HITPOINT WARNING * * *
Casting: Conjure Flame
Confirm with . or Enter, or press ? or * to list all spells.
You blink.
Nekros's ghost casts a spell.
Nekros's ghost blinks!
The orc throws a tomahawk.
The tomahawk hits you.
You die...

.... # .........############## #
#..........#.#.#.#.#.#o##########
#.......#.#.#ยง#>#.#.#.#..........
#.......'#.#.#.#.#.#.#.###o######
#.......#.#.#o#.#.#.#.## #.#
#........#.#.#.#.#.#.#.# #.#
#.......#.#.#.#.#.#.#.####.######
........+#.#.#.#@#.#.#...........
#.......#.#.#.#.#.#.#.#.##.######
##'#.#.#.#.#.#W#.#.#.#..####
###.#'#.#.#.#.#.#.#.#.#....###
##.......#.#.#.#.#.#.#.......#
##......#.#.#.#.#.#.#.#.##.#.#
##......(#.#.#.#.#.#.#..##.#.#
##......#.#.#.#.#.#)#.########
##.#+#.#.#.#.#.#.#)#.#.#


You could see an orc wizard, Nekros's ghost and an orc.

Vanquished Creatures
  An orc wizard (D:3)
  Jessica (D:3)
  3 adders (D:2)
  A gnoll (D:2)
  3 worms
  A giant gecko (D:2)
  4 orcs (D:3)
  4 bats
  A giant cockroach (D:1)
  4 goblins
  8 hobgoblins
  7 kobolds
  2 ball pythons (D:2)
  A giant newt (D:1)
  7 rats
48 creatures vanquished.

Vanquished Creatures (collateral kills)
  2 gnolls (D:2)
  A goblin (D:2)
  2 jackals (D:2)
  A kobold (D:2)
6 creatures vanquished.

Grand Total: 54 creatures vanquished

Notes
Turn   | Place    | Note
--------------------------------------------------------------
     0 | D:1      | Nekros the Deep Elf Wizard began the quest for the Orb.
     0 | D:1      | Reached XP level 1. HP: 10/10 MP: 7/7
   290 | D:1      | Reached skill level 5 in Spellcasting
   305 | D:1      | Reached XP level 2. HP: 15/15 MP: 1/10
   309 | D:1      | Learned a level 2 spell: Blink
   312 | D:1      | Learned a level 2 spell: Call Imp
  1060 | D:2      | Reached XP level 3. HP: 10/19 MP: 3/12
  1080 | D:2      | Reached skill level 6 in Spellcasting
  1275 | D:2      | Learned a level 3 spell: Conjure Flame
  1279 | D:2      | Learned a level 3 spell: Mephitic Cloud
  1408 | D:2      | Found a shattered altar of Ashenzari.
  1705 | D:2      | Reached XP level 4. HP: 24/24 MP: 12/14
  2007 | D:2      | Found a shimmering altar of Xom.
  2424 | D:3      | Noticed Jessica
  2450 | D:3      | Killed Jessica
  2450 | D:3      | Reached XP level 5. HP: 22/28 MP: 4/15
  2724 | D:3      | Noticed Nekros's ghost (amateur DEWz)
  2761 | D:3      | Hit by a tomahawk thrown by an orc

Action                   |  1- 3 |  4- 6 || total
-------------------------+-------+-------++-------
Melee: Spear             |    10 |       ||    10
       Dagger            |    24 |     2 ||    26
 Cast: Magic Dart        |    65 |    56 ||   121
       Call Imp          |     6 |       ||     6
       Conjure Flame     |     2 |     2 ||     4
       Blink             |     1 |     1 ||     2
  Use: Potion            |     1 |       ||     1
  Eat: Bread ration      |     1 |       ||     1
       Beef jerky        |       |     1 ||     1
